 Dungeon Crawl Stone Soup version 0.27.1-3-gb3d3a73c9e (webtiles) character file.

Game seed: 15541738815780904645

28 raph the Poker (level 3, -3/28 HPs)
             Began as a Merfolk Gladiator on Oct 20, 2021.
             Killed from afar by Sigmund (6 damage)
             ... with a puff of flame
             ... on level 2 of the Dungeon.
             The game lasted 00:01:37 (869 turns).

raph the Poker (Merfolk Gladiator)                   Turns: 869, Time: 00:01:37

Health: -3/28      AC:  8    Str: 14    XL:     3   Next: 14%
Magic:  3/3        EV: 12    Int:  7    God:
Gold:   32         SH:  0    Dex: 16    Spells: 2/2 levels left

rFire    . . .     SeeInvis .   a - +0 trident
rCold    . . .     Faith    .   (no shield)
rNeg     . . .     Spirit   .   g - +2 ring mail {Will+}
rPois    .         Reflect  .   c - +0 helmet
rElec    .         Harm     .   (no cloak)
rCorr    .         Rampage  .   (no gloves)
Will     +....                  (no boots)
Stlth    +.........             (no amulet)
HPRegen  0.09/turn              (no ring)
MPRegen  0.08/turn              (no ring)

@: no status effects
A: (nimble swimmer 2), mertail
a: no special abilities


You were on level 2 of the Dungeon.
You visited 1 branch of the dungeon, and saw 2 of its levels.

You collected 32 gold pieces.

Inventory:

Hand Weapons
 a - a +0 trident (weapon)
Missiles
 d - 3 throwing nets (quivered)
Armour
 b - a +0 leather armour
 c - a +0 helmet (worn)
 g - a +2 ring mail of willpower (worn)
Scrolls
 e - 2 scrolls of identify {unknown}
 f - a scroll of immolation {unknown}
 j - a scroll of brand weapon {unknown}
Potions
 h - a potion of brilliance {unknown}
 i - a potion of mutation {unknown}


   Skills:
 - Level 2.3 Fighting
 + Level 5.7 Polearms
 - Level 2.1 Throwing
 - Level 4.1 Dodging


You had 2 spell levels left.
You didn't know any spells.
Your spell library was empty.

Dungeon Overview and Level Annotations

Branches:
Dungeon (2/15)

Altars:

Annotations:
D:2 Sigmund


Innate Abilities, Weirdness & Mutations

((You are quick and stealthy near water. (Stealth+, EV+, Speed+++)))
Your lower body shifts to a powerful aquatic tail in water.


Message History

No target in view!
You start resting.
An endoplasm is nearby!
An endoplasm is nearby!
Things that are here:
a +0 dagger; a +0 robe; a ball python corpse An endoplasm is nearby!
Things that are here:
a +0 dagger; a +0 robe; a ball python corpse You reach to attack!
You puncture the endoplasm!
You kill the endoplasm!
No target in view!
No target in view!
No target in view!
No target in view!
HP restored.
Found a ring mail.
e - 2 scrolls labelled YGYS ANARGH (gained 1)
Found 13 gold pieces.
Sigmund the Dreaded comes into view.
He is wielding a +1 vorpal scythe.
Sigmund shouts!
Sigmund laughs darkly.
Sigmund casts a spell.
Sigmund flickers and vanishes!
Deactivating autopickup; reactivate with Ctrl-A.
No target in view!
A rat comes into view.
You hear some strange, mumbled words.
Something tries to affect you, but you resist.
Something hits you!
You hit something but do no damage. You closely miss something.
Something hits you.
You hit something but do no damage. Something hits you!
* * * LOW HITPOINT WARNING * * *
x2 You barely miss something.
You barely miss something.
You hear some strange, mumbled words.
A puff of flame appears from out of thin air!
The puff of flame hits you.
You die...

.....# .....# ######
.....# #....#
.....######....#####
#...................
#..########....####
#<.#### #....#
##....# #..$.###
#.##..# #.....@# #)#
.# #....#.{r# #.# #
#....###..... #.#
###### #.### #.# ##
#.# #.# #.# #.#


You could see a rat.

Vanquished Creatures
  3 bats (D:1)
  3 endoplasms
  A giant cockroach (D:1)
  4 goblins
  A hobgoblin (D:1)
  A kobold (D:1)
  4 quokkas
  4 ball pythons
  2 frilled lizards (D:1)
23 creatures vanquished.

Notes
Turn   | Place    | Note
-------+----------+-------------------------------------------
     0 | D:1      | raph the Merfolk Gladiator began the quest for the Orb.
     0 | D:1      | Reached XP level 1. HP: 16/16 MP: 1/1
   209 | D:1      | Reached XP level 2. HP: 23/23 MP: 2/2
   313 | D:1      | Reached skill level 5 in Polearms
   457 | D:1      | Found a faded altar of an unknown god.
   776 | D:2      | Reached XP level 3. HP: 23/28 MP: 3/3
   861 | D:2      | Noticed Sigmund
   869 | D:2      | Killed from afar by Sigmund

Illustrated notes

Levels and vault maps discovered:
D:1:      ncdulo_watergridlock, layout_loops_ring, serial_glass,
          glass_columns_c, glass_columns_c, shapermc_ecumenical_altar_flowoftime
D:2:      layout_rooms, uniq_sigmund

Skill      XL: |  1  2 |
---------------+-------+-----
Polearms       | 5 |  5.7
Fighting       | |  2.3
Throwing       | |  2.1
Dodging        | |  4.1

Action                   || total
-------------------------++-------
Melee: Trident           ||    73
Armor: Leather armour    ||    10
       Ring mail         ||    12
Dodge: Dodged            ||    34
